 Dungeon Crawl Stone Soup version 0.31-a0-267-g3fc6992b3b (webtiles) character file.

Game seed: 15844699155141788569

85 qw the Shooter (level 4, 0/36 HPs)
             Began as a Minotaur Hexslinger on July 13, 2023.
             Slain by a gnoll
             ... wielding a +0 halberd of protection
              (7 damage)
             ... on level 4 of the Dungeon.
             The game lasted 00:00:48 (1474 turns).

qw the Shooter (Minotaur Hexslinger)                Turns: 1474, Time: 00:00:48

Health: 0/36       AC:  7    Str: 12    XL:     4   Next: 25%
Magic:  4/4        EV: 11    Int: 10    God:
Gold:   119        SH:  0    Dex: 15    Spells: 4/5 levels left

rFire   . . .        Y - +1 sling
rCold   . . .        (no shield)
rNeg    . . .        d - +0 ring mail
rPois   .            (helmet restricted)
rElec   .            g - +0 cloak
rCorr   .            (no gloves)
SInv    .            b - +0 pair of boots
Will    .....        (no amulet)
Stlth   +            (no ring)
HPRegen 0.26/turn    (no ring)
MPRegen 0.09/turn

%: no passive effects
@: no status effects
A: horns 2, retaliatory headbutt
a: no special abilities


You were on level 4 of the Dungeon.
You visited 1 branch of the dungeon, and saw 4 of its levels.

You collected 119 gold pieces.


Innate Abilities, Weirdness & Mutations

You have a pair of horns on your head.
You reflexively headbutt those who attack you in melee.


   Skills:
 - Level 2.0 Fighting
 + Level 4.5 Ranged Weapons
 - Level 1.2 Armour
 - Level 2.1 Dodging
 - Level 1.0 Spellcasting
 - Level 2.0 Hexes


You had 4 spell levels left.
You knew the following spells:

 Your Spells              Type           Power      Damage    Failure   Level
a - Slow                  Hex            16%        N/A       34%         1

Your spell library contained the following spells:

 Spells                   Type           Power      Damage    Failure   Level
 Inner Flame              Hex/Fire       2%         N/A       83%         3
 Portal Projectile        Hex/Tloc       4%         N/A       83%         3
 Cause Fear               Hex            2%         N/A       98%         4

Inventory:

Hand Weapons
 Y - a +1 sling (weapon)
Armour
 b - a +0 pair of boots (worn)
 d - a +0 ring mail (worn)
 g - a +0 cloak (worn)
Scrolls
 e - a scroll of identify
Potions
 c - a potion of haste {unknown}
 f - a potion of heal wounds {unknown}
 h - a potion of curing
 i - a potion of enlightenment
 j - a potion of degeneration {unknown}

Dungeon Overview and Level Annotations

Branches:
Dungeon (4/15)
 Temple: D:4-7

Altars:


Message History

A gnoll comes into view.
It is wielding a +0 halberd of protection.
You shoot a sling bullet. The sling bullet hits the gnoll.
The gnoll is lightly wounded.
You shoot a sling bullet.
The sling bullet hits the gnoll but does no damage.
The gnoll is lightly wounded.
The gnoll closely misses you. The gnoll completely misses you.
You shoot a sling bullet.
The sling bullet hits the gnoll but does no damage.
The gnoll is lightly wounded.
The gnoll hits you with a +0 club. The gnoll closely misses you.
The gnoll hits you but does no damage. The gnoll hits you with a +0 club.
You shoot a sling bullet. The sling bullet hits the gnoll.
The gnoll is moderately wounded.
The gnoll barely misses you. x2
You shoot a sling bullet.
The sling bullet closely misses the gnoll.
The gnoll barely misses you. The gnoll hits you with a +0 club.
You shoot a sling bullet. The sling bullet hits the gnoll.
The gnoll is heavily wounded.
The gnoll hits you with a +0 club.
The gnoll hits you from afar with a +0 halberd of protection!
The gnoll closely misses you.
The gnoll hits you from afar with a +0 halberd of protection.
You shoot a sling bullet. The sling bullet hits the gnoll.
The gnoll is almost dead.
The gnoll closely misses you. The gnoll barely misses you.
You shoot a sling bullet.
The sling bullet completely misses the gnoll.
The gnoll closely misses you. The gnoll hits you with a +0 club.
You shoot a sling bullet.
The sling bullet barely misses the gnoll.
The gnoll completely misses you.
The gnoll hits you from afar with a +0 halberd of protection.
The gnoll hits you with a +0 club. The gnoll closely misses you.
The dart slug bites you but does no damage.
You shoot a sling bullet. The sling bullet hits the gnoll.
You kill the gnoll!
The gnoll hits you from afar with a +0 halberd of protection!
You die...

### #.# #.# ..#
#.# #.##.# #. #.#
#.# #.##.# #..
#.# #.# #.##.#
##..# #.#
#.###.##.#....#
#.#
##.....##.#...#
#.#
#......##.#g.#
#.# #......##)..#
#.######....##@w#
#......'....#..##
########......##
#.....[......
#........####
#######.#...
.#.## .# # .#


You could see a gnoll and a dart slug.

Vanquished Creatures
  2 gnolls (D:4)
  2 adders (D:2)
  A dart slug (D:1)
  6 ball pythons
  8 endoplasms
  3 giant cockroaches (D:2)
  4 goblins
  3 hobgoblins (D:2)
  4 jackals (D:2)
  3 quokkas
  2 bats
  A frilled lizard (D:1)
  3 kobolds
  10 rats
52 creatures vanquished.

Notes
Turn   | Place    | Note
-------+----------+-------------------------------------------
     0 | D:1      | qw the Minotaur Hexslinger began the quest for the Orb.
     0 | D:1      | Reached XP level 1. HP: 16/16 MP: 1/1
     0 | D:1      | 0 ||| qw: Version: 0.3-a-52-g30416fa
     0 | D:1      | 0 ||| qw: Game counter: 7731
     0 | D:1      | 0 ||| qw: Melee chars always use a shield: true
     0 | D:1      | 0 ||| qw: God list: Okawaru
     0 | D:1      | 0 ||| qw: Allow faded altars: false
     0 | D:1      | 0 ||| qw: Do Orc after clearing Dungeon:15 true
     0 | D:1      | 0 ||| qw: Do second Lair branch before Depths: true
     0 | D:1      | 0 ||| qw: Lair rune preference: random
     0 | D:1      | 0 ||| qw: Goals: Normal
     0 | D:1      | 0 ||| PLANNING D:1-11
    63 | D:1      | 63 ||| FLEEEEING.
    69 | D:1      | 69 ||| FLEEEEING.
   194 | D:1      | Reached skill level 3 in Ranged Weapons
   198 | D:1      | Reached XP level 2. HP: 23/23 MP: 2/2
   349 | D:1      | Found a faded altar of an unknown god.
   720 | D:1      | 720 ||| UPGRADING to +0 ring mail.
   730 | D:1      | 730 ||| DROPPING +0 robe.
   731 | D:1      | 731 ||| UPGRADING to +0 cloak.
   736 | D:1      | 736 ||| READING scroll labelled DAADAM OTUSIOR.
   737 | D:1      | 737 ||| READING scroll labelled TUUTHR DUTEACOU.
   738 | D:1      | 738 ||| DROPPING scroll of poison.
   855 | D:2      | Reached XP level 3. HP: 29/29 MP: 3/3
   939 | D:2      | 939 ||| FLEEEEING.
   940 | D:2      | 940 ||| FLEEEEING.
   941 | D:2      | 941 ||| FLEEEEING.
   942 | D:2      | 942 ||| FLEEEEING.
   943 | D:2      | 943 ||| FLEEEEING.
   944 | D:2      | 944 ||| FLEEEEING.
   945 | D:2      | 945 ||| FLEEEEING.
   946 | D:2      | 946 ||| FLEEEEING.
   947 | D:2      | 947 ||| FLEEEEING.
   948 | D:2      | 948 ||| STAIRDANCE
   993 | D:1      | 993 ||| UPGRADING to +0 pair of boots.
   998 | D:1      | 998 ||| READING scroll labelled NESHOE OCAULUDD.
  1001 | D:2      | 1001 ||| STAIRDANCE
  1055 | D:2      | Reached skill level 1 in Armour
  1121 | D:2      | Reached skill level 4 in Ranged Weapons
  1200 | D:2      | Reached XP level 4. HP: 36/36 MP: 4/4
  1323 | D:2      | 1323 ||| READING scroll labelled BEPSUL UGYWNO.
  1324 | D:2      | 1324 ||| DRINKING 2 brown potions.
  1325 | D:2      | 1325 ||| DRINKING 2 emerald potions.
  1350 | D:3      | 1350 ||| PLANNING SEWER
  1431 | D:3      | You fall into a shaft and drop 1 floor!
  1473 | D:4      | HP: 7/36 [gnoll/+0 club (4)]
  1474 | D:4      | Slain by a gnoll

Levels and vault maps discovered:
D:1:      dpeg_arrival_ternary, layout_loops_ring, ebering_ecumenical_altar_box,
          hangedman_decor_push
D:2:      layout_rooms, nrook_mini_vaults, item_on_display_a
D:3:      layout_loops_cross, portal_sewer_entry_e, gammafunk_ghost_mausoleum,
          grunt_ministairs_4
D:4:      layout_basic, nicolae_ossuary_entry_giza, ebering_ghost_sewer_d

Skill      XL: |  1  2  3 |
---------------+----------+-----
Ranged Weapons | 3 4 |  4.5
Fighting       | 2 |  2.0
Armour         | 1 |  1.2
Dodging        | |  2.1
Spellcasting   | |  1.0
Hexes          | |  2.0

Action                     |  1- 3 |  4- 6 || total
---------------------------+-------+-------++-------
   Fire: Sling             |   142 |    31 ||   173
    Use: Scroll            |     3 |     1 ||     4
         Potion            |       |     2 ||     2
 Armour: Ring mail         |    50 |     4 ||    54
         Robe              |     1 |       ||     1
  Dodge: Dodged            |    66 |    20 ||    86

Table legend:
 A = Non-vault XP
 B = Vault XP
 C = Vault XP percentage of total XP
 D = Non-vault monster count
 E = Vault monster count
 F = Vault count percentage of total count
                 A         B        C        D         E       F
            +---------+---------+-------+---------+---------+-------
      Total |     136 |       0 |   0.0 |      52 |       0 |   0.0
            +---------+---------+-------+---------+---------+-------
        D:1 |      32 |       0 |   0.0 |      20 |       0 |   0.0
        D:2 |      68 |       0 |   0.0 |      25 |       0 |   0.0
        D:3 |       7 |       0 |   0.0 |       5 |       0 |   0.0
        D:4 |      29 |       0 |   0.0 |       2 |       0 |   0.0
            +---------+---------+-------+---------+---------+-------
